[Event "Late-Titled-Tuesday-Blitz-December-26-2023"]
[Site "Chess.com"]
[Date "2023.12.26"]
[Round "10"]
[White "Cambek64"]
[Black "SEBAZZANO"]
[Result "1/2-1/2"]
[WhiteElo "2412"]
[BlackElo "2272"]
[TimeControl "180+1"]
[EndTime "15:54:02 PST"]
[Termination "Game drawn by repetition"]

1. e4 e6 2. d3 c5 3. f4 Nc6 4.
Nf3 g6 5. g3 Bg7 6. Bg2 Nge7 7.
O-O O-O 8. c4 d6 9. Nc3 b6 10. Be3 Bb7 11. d4 cxd4 12. Nxd4 Rc8 13. b3 Nxd4 14. Bxd4 e5 15. fxe5 dxe5 16. Be3 Nc6 17. Nd5 Nd4 18. Bxd4 exd4 19. Qd3 Bxd5 20. exd5 Qd6 21. Rae1 Rce8 22. Re4 f5 23. Re6 Rxe6 24.
dxe6 Bh6 25. Bd5 Kg7 26. Qxd4+ Rf6 27. Re1 Qe7 28. Kg2 f4 29. gxf4 Bxf4 30. Rf1 Bd6 31.
Rf3 Bc5 32. Qe5 Bd6 33. Qg5 Rxf3 34. Qxe7+ Bxe7 35. Kxf3 Kf6 36. Ke4 Bd6 37. a4 a5 38.
h3 g5 39. Kf3 h5 40. Bc6 Kxe6 41. Be8 h4 42. Bh5 Bf4 43. Ke4 Kd6 44. Kd4 Kc7 45.
c5 bxc5+ 46. Kxc5 Bd2 47. Kb5 Kb7 48. Bg4 Ka7 49. Bf3 Be1 50. Kc6 Bd2 51. Kc7 Bf4+ 52. Kc6 Bd2 53. Be4 Be1 54. Kd5 Kb6 55. Bd3 Bd2 56. Ke4 Bc1 57. Bc4 Bd2 58. Kf5 Bc1 59. Kg4 Bd2 60. Be6 Bc1 61. Kf3 Kc5 62. Ke4 Kb4 63. Kd3 Bf4 64. Kd4 Bc1 65. Kd5 Bf4 66. Kc6 Bc1 67. Kb6 Be3+ 68. Kc6 Bc1 69. Kd5 Bf4 70. Ke4 Bc1 71. Kf5 Be3 72. Kg4 Bc1 73. Bf7 Bd2 74. Bg8 Bc1 75. Bf7 Bd2 76. Bg8 Bc1 77. Bf7 1/2-1/2

[Event "Late-Titled-Tuesday-Blitz-December-26-2023"]
[Site "Chess.com"]
[Date "2023.12.26"]
[Round "10"]
[White "b_6"]
[Black "Walter_White_Poland"]
[Result "0-1"]
[WhiteElo "2358"]
[BlackElo "2303"]
[TimeControl "180+1"]
[EndTime "15:54:04 PST"]
[Termination "Walter_White_Poland won on time"]

1. d4 Nf6 2. Nf3 c5 3. c3 d5 4.
Bf4 Nc6 5. e3 Qb6 6. Qc2 g6 7.
dxc5 Qxc5 8. Bd3 Bg7 9. Nbd2 a5 10. Nb3 Qb6 11. Nbd4 O-O 12. Nb5 Nh5 13. Bc7 Qc5 14. h3 Bf5 15. Bxf5 Qxb5 16. Bd3 Qc5 17. Bh2 e5 18. Be2 Rfe8 19. Rc1 Nf6 20. O-O Rad8 21. Rfd1 Bh6 22. Qb3 Bxe3 23. fxe3 Qxe3+ 24. Kh1 Qxe2 25. Re1 Qc4 26. Nxe5 Nxe5 27. Bxe5 Qxb3 28. axb3 Ne4 29. Bd4 Nd2 30. Bb6 Rc8 31. Rxe8+ Rxe8 32. Rd1 Nxb3 33. Rxd5 a4 34. Bc7 h6 35. Be5 g5 36. Kh2 Kh7 37.
Rb5 Kg6 38. Bd4 Nxd4 39. cxd4 Re7 40. Rb4 Re4 41. Rxa4 Re2 42. Rb4 Rd2 43. Kg3 h5 44. Kf3 h4 45. Ke4 Rxg2 46. Rb6+ Kg7 47. Rxb7 g4 48.
hxg4 h3 49. Rb3 Rxg4+ 0-1

[Event "Late-Titled-Tuesday-Blitz-December-26-2023"]
[Site "Chess.com"]
[Date "2023.12.26"]
[Round "10"]
[White "IMRosen"]
[Black "monalize"]
[Result "0-1"]
[WhiteElo "2669"]
[BlackElo "2568"]
[TimeControl "180+1"]
[EndTime "15:54:05 PST"]
[Termination "monalize won by resignation"]

1. d4 Nf6 2. Bf4 d6 3. Nc3 g6 4.
e4 Bg7 5. Qd2 c6 6. O-O-O Qa5 7.
f3 Be6 8. Kb1 Na6 9. Nge2 b5 10.
Nc1 b4 11. N3e2 Rb8 12. Bh6 Bxh6 13. Qxh6 c5 14. d5 Bd7 15. Nf4 Nc7 16. e5 dxe5 17.
d6 Ne6 18. Nxe6 Bxe6 19. dxe7 Kxe7 20. Nb3 Qc7 21. Qe3 Rhc8 22. Ba6 Nd5 23. Qg5+ f6 24. Qh6 Rd8 25. Qg7+ Ke8 26. Qh8+ Kf7 27. Qxh7+ Kf8 28. Qh8+ Kf7 29. Qh7+ Kf8 30. Qh6+ Qg7 31. Qxg7+ Kxg7 32. Nxc5 Bf7 33. Rhe1 Rb6 34. Bc4 Rbd6 35. Bxd5 Rxd5 36. Rxd5 Rxd5 37. Nd3 a5 38. Kc1 g5 39. a3 bxa3 40.
bxa3 Bg6 41. Kd2 g4 42. h3 g3 43. Kc3 Rd4 44. Rb1 Ra4 45. Rb7+ Kh6 46. Kb3 Rd4 47. Kc3 Ra4 48. Kb2 e4 49. fxe4 Bxe4 50. Nc5 Bxb7 51. Nxa4 Bxg2 52. Nc3 Bf3 53. a4 g2 54. Nb5 g1=Q 55. c4 Qe3 56. Na3 Qd2+ 57. Nc2 Be4 58. c5 Qxc2+ 59. Ka3 Qc3+ 0-1

[Event "Late-Titled-Tuesday-Blitz-December-26-2023"]
[Site "Chess.com"]
[Date "2023.12.26"]
[Round "10"]
[White "kasparicy"]
[Black "Fh2411"]
[Result "1-0"]
[WhiteElo "2498"]
[BlackElo "2528"]
[TimeControl "180+1"]
[EndTime "15:54:06 PST"]
[Termination "kasparicy won by checkmate"]

1. e4 c6 2. d4 d5 3. f3 e6 4. Nc3 Nf6 5. e5 Nfd7 6. f4 c5 7. Nf3 Nc6 8. Bb5 a6 9. Bxc6 bxc6 10. Be3 cxd4 11. Bxd4 c5 12. Bf2 Bb7 13. O-O Be7 14. Ne2 Qc7 15. Ng3 g6 16. c3 Nb6 17.
a4 O-O 18. Qe1 Rab8 19. Ne2 Nc4 20. Bh4 Nxb2 21. Bg5 Bxg5 22. Nxg5 h6 23. Nf3 Bc6 24. Qh4 Kg7 25. Ng3 Qd8 26. Qg4 Kh7 27. f5 gxf5 28. Nxf5 Rg8 29. Qh5 exf5 30. Qxf7+ Kh8 31. e6 Qf8 32. Qh5 Qg7 33. Nh4 d4 34. Rf2 Nd3 35. Nxf5 Qg5 36. Qxg5 Rxg5 37. Nxh6 Kh7 38. Nf7 Rg7 39.
Rf6 Rxg2+ 40. Kf1 dxc3 41. e7 c2 42. Rxc6 Rb1+ 43. Kxg2 c1=Q 44. Rxb1 Qxb1 45. e8=Q Nf4+ 46. Kf3 Qf5 47. Qh8# 1-0

[Event "Late-Titled-Tuesday-Blitz-December-26-2023"]
[Site "Chess.com"]
[Date "2023.12.26"]
[Round "10"]
[White "TST2014"]
[Black "IlanSchnaider"]
[Result "1-0"]
[WhiteElo "2617"]
[BlackElo "2667"]
[TimeControl "180+1"]
[EndTime "15:54:14 PST"]
[Termination "TST2014 won by checkmate"]

1. d4 Nf6 2. c4 g6 3. Nf3 Bg7 4. Nc3 d5 5. Bg5 Ne4 6. Bh4 Nxc3 7. bxc3 c5 8. e3 O-O 9. cxd5 cxd4 10. cxd4 Qxd5 11.
Bxe7 Re8 12. Bh4 Bg4 13. Be2 Bxf3 14. Bxf3 Qxd4 15. Qxd4 Bxd4 16. O-O-O Bg7 17. Bxb7 Nc6 18. Bxa8 Rxa8 19. Rd6 Rc8 20. Kd1 Nb4 21. a3 Nc6 22. Ke2 h6 23. Bf6 Bf8 24. Rd5 Bxa3 25. Ra1 Bf8 26.
f4 Rb8 27. Kf3 a5 28. Rc1 Rb6 29. g4 Nb4 30. Rd8 Rxf6 31. Rcc8 Kg7 32. Rxf8 Re6 33. g5 hxg5 34. fxg5 f5 35. Rg8+ Kf7 36. Rcf8+ Ke7 37. Re8+ Kf7 38. Rxe6 Kxe6 39. Rxg6+ Ke5 40. Rb6 Nd5 41. Ra6 Nb4 42. Rxa5+ Ke6 43. Rb5 Nc2 44. Rb6+ Ke5 45. h4 Ne1+ 46. Ke2 Ng2 47. h5 f4 48. Rb5+ Ke6 49. h6 fxe3 50. h7 Nf4+ 51. Kxe3 Ng6 52. Rb6+ Kf5 53. Rxg6 Kxg6 54. h8=Q Kxg5 55. Qg7+ Kf5 56.
Kd4 Ke6 57. Qg6+ Ke7 58. Kd5 Kf8 59. Qh7 Ke8 60. Kd6 Kf8 61. Ke6 Ke8 62. Qe7# 1-0

[Event "Late-Titled-Tuesday-Blitz-December-26-2023"]
[Site "Chess.com"]
[Date "2023.12.26"]
[Round "10"]
[White "Durarbayli"]
[Black "BogdanDeac"]
[Result "1-0"]
[WhiteElo "2936"]
[BlackElo "3007"]
[TimeControl "180+1"]
[EndTime "15:54:17 PST"]
[Termination "Durarbayli won by resignation"]

1. e4 e5 2. Nf3 Nc6 3. Bb5 Nf6 4. d3 d6 5. O-O Bd7 6. c3 a6 7.
Ba4 h6 8. h3 g5 9. Nh2 Rg8 10.
f3 h5 11. g4 d5 12. Be3 d4 13. Bf2 dxc3 14. bxc3 Ne7 15. d4 Ng6 16. Be3 Bd6 17. Bxg5 Bxa4 18. Qxa4+ b5 19. Qc2 exd4 20. f4 Be7 21.
Bxf6 Bxf6 22. e5 Be7 23. Qe4 hxg4 24. Nxg4 d3 25. f5 Nh4 26. f6 Bc5+ 27. Kh1 Kf8 28. Nd2 Rh8 29. e6 fxe6 30. Ne5 Qd5 31. Qxd5 exd5 32. Nd7+ Kf7 33. Nxc5 Ng6 34. Rf3 Ne5 35. Re3 Nc4 36. Rxd3 Nxd2 37. Rxd2 Rxh3+ 38. Rh2 Rxc3 39. Nd7 Rd8 40. Rf1 Rxd7 41. Rh7+ Ke6 42. Rxd7 Kxd7 43. f7 Rh3+ 44. Kg2 Rh8 45. f8=Q Rxf8 46. Rxf8 Kc6 47.
Kf3 Kc5 48. Rc8 c6 49. Ke3 a5 50. Kd3 b4 51. Kc2 Kb5 52. Rb8+ Kc4 53. Ra8 Kb5 54. Kb3 c5 55. a4+ bxa3 56. Rb8+ Kc6 57. Kxa3 d4 58. Kb3 Kd5 59. Rd8+ Kc6 60. Kc4 a4 61.
Rc8+ Kb6 62. Rxc5 a3 63. Rb5+ 1-0

[Event "Late-Titled-Tuesday-Blitz-December-26-2023"]
[Site "Chess.com"]
[Date "2023.12.26"]
[Round "10"]
[White "HalfIsCrayfish"]
[Black "sofaceindisguise"]
[Result "1-0"]
[WhiteElo "2634"]
[BlackElo "2722"]
[TimeControl "180+1"]
[EndTime "15:54:18 PST"]
[Termination "HalfIsCrayfish won by resignation"]

1. d4 Nf6 2. c4 e6 3. Nc3 Bb4 4.
Qc2 O-O 5. a3 Bxc3+ 6. Qxc3 b6 7. Bg5 Bb7 8. f3 h6 9. Bh4 d5 10. e3 Nbd7 11. cxd5 Nxd5 12. Bxd8 Nxc3 13. bxc3 Rfxd8 14. Bb5 c6 15. Ba4 e5 16. Ne2 b5 17. Bc2 c5 18. Kf2 exd4 19. exd4 Bd5 20. Rhd1 Bc4 21.
Ng3 cxd4 22. Rxd4 Nb6 23. Nf5 Rxd4 24. Nxd4 Nd5 25. Be4 Rd8 26. Nc6 Rd7 27. Rd1 Kf8 28. Ne5 Re7 29. Nxc4 Nxc3 30. Rd8+ Re8 31. Rxe8+ Kxe8 32.
Nd2 a5 33. Ke3 Ke7 34. Kd4 b4 35. axb4 axb4 36. Kc4 Nd1 37. Kxb4 Ne3 38. g3 f5 39. Ba8 Kf6 40. Kc3 g5 41. Kd3 Nd1 42. Ke2 Nc3+ 43. Kf2 Nb5 44. Bd5 Nc7 45. Bc4 Ne8 46. g4 Nd6 47.
Bd3 fxg4 48. Ne4+ Nxe4+ 49. fxe4 h5 50. Ke3 Ke5 51. Be2 Kf6 52. Kd4 Ke6 53. Bd1 Kf6 54.
Kd5 Kg6 55. e5 Kf7 56. Kd6 Ke8 57. e6 g3 58. Ba4+ Kf8 59. e7+ Kg7 60. hxg3 1-0

[Event "Late-Titled-Tuesday-Blitz-December-26-2023"]
[Site "Chess.com"]
[Date "2023.12.26"]
[Round "10"]
[White "Ajedrez_con_German"]
[Black "Fore_Man"]
[Result "1-0"]
[WhiteElo "2575"]
[BlackElo "2383"]
[TimeControl "180+1"]
[EndTime "15:54:19 PST"]
[Termination "Ajedrez_con_German won by resignation"]

1. Nf3 Nf6 2. b3 d6 3. Bb2 e5 4. d3 Nbd7 5. c4 Be7 6. Nc3 O-O 7. g3 Re8 8. Bg2 Nf8 9. O-O Ne6 10. d4 exd4 11.
Nxd4 Nxd4 12. Qxd4 Bf8 13. Rfe1 Qe7 14. Nd5 Nxd5 15.
cxd5 Bf5 16. Rac1 b6 17. e4 Bg6 18. Re3 Rac8 19. Bh3 Rb8 20. Qc4 a5 21. Bd4 b5 22.
Qc2 Bxe4 23. Qe2 Qg5 24. Re1 Qh6 25. Bf1 c5 26. dxc6 d5 27. c7 Rb7 28. f3 Bb4 29. Rc1 f5 30. c8=Q Rxc8 31. Rxc8+ Kf7 32. fxe4 dxe4 33. Qc2 Rd7 34. Rc7 Qd6 35. Rxd7+ Qxd7 36. Qb2 Qd5 37. Re2 g5 38. Bg2 Bd6 39. Qc3 b4 40. Qc4 Qxc4 41. bxc4 Ke6 42. Kf2 Bc7 43. Bxe4 fxe4 44.
Rxe4+ Kf5 45. Re7 Bd6 46. Rxh7 a4 47. Rb7 Ke4 48. Be3 Kd3 49. c5 Bf8 50. c6 Bd6 51. c7 Bxc7 52. Rxc7 b3 53. axb3 axb3 54. Bxg5 b2 55. Rb7 Kc2 56. Rxb2+ Kxb2 57. h4 Kc3 58. h5 Kd4 59. h6 Ke5 60. h7 Kf5 61. h8=Q Kxg5 62.
Qg7+ Kf5 1-0

[Event "Late-Titled-Tuesday-Blitz-December-26-2023"]
[Site "Chess.com"]
[Date "2023.12.26"]
[Round "10"]
[White "DCacheiro"]
[Black "OneTrickPony_82"]
[Result "0-1"]
[WhiteElo "2538"]
[BlackElo "2502"]
[TimeControl "180+1"]
[EndTime "15:54:21 PST"]
[Termination "OneTrickPony_82 won on time"]

1. e4 e5 2. Nf3 Nc6 3. Bb5 a6 4. Ba4 Nf6 5. O-O Be7 6. d3 b5 7.
Bb3 d6 8. c3 O-O 9. a4 Bd7 10.
Bc2 h6 11. h3 b4 12. Re1 Rb8 13. d4 exd4 14. cxd4 Na5 15. Nbd2 c5 16. dxc5 dxc5 17. e5 Nd5 18. Ne4 Be6 19. b3 Nc3 20. Nxc3 bxc3 21. Qxd8 Rfxd8 22. Re3 Bxb3 23. Rxc3 Bxc2 24. Rxc2 Nb3 25.
Rb1 Nd4 26. Rxb8 Rxb8 27. Nxd4 cxd4 28. Rc7 Rb1 29. Rxe7 Rxc1+ 30. Kh2 Ra1 31. Re8+ Kh7 32. e6 fxe6 33. Rxe6 Rxa4 34. Rd6 a5 35. Rd5 Kg6 36. Kg3 Kf6 37. Kf3 Ra3+ 38. Ke4 d3 39. f4 Ke6 40. Rd8 a4 41. g4 g6 42. f5+ gxf5+ 43. gxf5+ Kf6 44.
Rd6+ Kg5 45. Rg6+ Kh5 46. Rg8 d2 47. Rd8 Ra2 48. f6 Kg6 49. Ke5 Ra1 50. Rxd2 Re1+ 51. Kd5 Kxf6 52. Rf2+ Kg5 53. Rf3 Rb1 54. Ke4 Rb3 0-1

[Event "Late-Titled-Tuesday-Blitz-December-26-2023"]
[Site "Chess.com"]
[Date "2023.12.26"]
[Round "10"]
[White "KNVB"]
[Black "CFalcons8"]
[Result "1-0"]
[WhiteElo "2675"]
[BlackElo "2275"]
[TimeControl "180+1"]
[EndTime "15:54:24 PST"]
[Termination "KNVB won by resignation"]

1. e4 c5 2. Nf3 d6 3. c3 Nf6 4. Be2 e6 5. O-O Nc6 6. d3 Be7 7. Nbd2 O-O 8. Re1 Rb8 9. a4 a6 10. Bf1 b5 11. axb5 axb5 12. d4 b4 13. dxc5 dxc5 14.
Qc2 e5 15. Nc4 Qc7 16. Ne3 bxc3 17. bxc3 Be6 18. Bc4 Bxc4 19. Nxc4 Ra8 20. Be3 Nd7 21. g3 Nb6 22. Nfd2 Nxc4 23. Nxc4 Na5 24. Qa2 Nxc4 25. Qxc4 Qc6 26. Red1 Rxa1 27. Rxa1 Ra8 28. Rxa8+ Qxa8 29. Kg2 g6 30. Kf3 Qc6 31. h3 Kg7 32. Qd3 f5 33. c4 h5 34. Qd5 Qxd5 35. cxd5 c4 36. Bd2 Kf6 37. Bc3 Bc5 38. g4 hxg4+ 39. hxg4 fxg4+ 40. Kg3 Bd4 41. Bd2 c3 42. Bc1 Ke7 43. Kxg4 Bxf2 44.
Kf3 Bc5 45. Bg5+ Kd6 46. Ke2 Bd4 47. Kd3 Kc5 48. Be7+ Kb5 49. Bf6 Kb6 50. Bg5 Kb5 51. Be7 Kb6 52. Bb4 Kc7 53. Bxc3 Bc5 54. Bxe5+ Kd7 55.
Bd4 Be7 56. e5 Bb4 57. Ke4 Be7 58. Be3 g5 59. Kf5 Kd8 60. Bxg5 Bxg5 61. Kxg5 1-0

[Event "Late-Titled-Tuesday-Blitz-December-26-2023"]
[Site "Chess.com"]
[Date "2023.12.26"]
[Round "10"]
[White "NoHeThTo"]
[Black "Skatchkov_V"]
[Result "1/2-1/2"]
[WhiteElo "2692"]
[BlackElo "2598"]
[TimeControl "180+1"]
[EndTime "15:54:28 PST"]
[Termination "Game drawn - insufficient material"]

1. d4 Nf6 2. Nc3 d5 3. Bf4 a6 4.
e3 c5 5. dxc5 e6 6. Bd3 Bxc5 7.
Nf3 Nc6 8. O-O Bb4 9. Ne2 O-O 10. Ned4 Bd6 11. Nxc6 bxc6 12. c4 Qe7 13. cxd5 Bxf4 14. exf4 cxd5 15. Nd4 Bd7 16. b3 Rfc8 17. Qd2 h6 18. Rfc1 Qa3 19. g3 Kf8 20. Nf3 Bb5 21. Ne5 Bxd3 22. Nxd3 Ne4 23. Qe3 Rxc1+ 24. Rxc1 Qxa2 25. Rc7 Qxb3 26. Rxf7+ Kg8 27. Re7 Qd1+ 28. Kg2 Rd8 29. Qd4 Qg4 30. f3 Qg6 31. Ne5 Qh5 32. g4 Qh4 33. Nc6 e5 34. Qe3 Rc8 35. Re6 exf4 36. Qe2 Rf8 37. Ne7+ Kh7 38. Nxd5 Ng5 39. Rxa6 Qh3+ 40. Kf2 Qxh2+ 41. Ke1 Re8 42. Nf6+ gxf6 43. Ra7+ Nf7 44. Rxf7+ Kg6 45. Qxe8 Qg1+ 46. Kd2 Qd4+ 47. Kc2 Qc4+ 48. Kd2 Qd4+ 49. Ke2 Qc4+ 50. Kf2 Qxf7 51.
Qe4+ Kg7 52. Qxf4 Qa7+ 53. Kg3 Qa5 54. Qd6 Qe5+ 55. Qxe5 fxe5 56. Kf2 Kf6 57. Ke3 Kf7 58. Ke4 Ke6 59. f4 exf4 60. Kxf4 Kf6 61. Kf3 Kg5 62.
Kg3 h5 63. gxh5 Kxh5 1/2-1/2

[Event "Late-Titled-Tuesday-Blitz-December-26-2023"]
[Site "Chess.com"]
[Date "2023.12.26"]
[Round "10"]
[White "h4parah5"]
[Black "Dedic8"]
[Result "1-0"]
[WhiteElo "2934"]
[BlackElo "2848"]
[TimeControl "180+1"]
[EndTime "15:54:29 PST"]
[Termination "h4parah5 won by resignation"]

1. Nf3 d5 2. e3 Nf6 3. c4 e6 4. b3 Bd6 5. Bb2 Nbd7 6. Nc3 O-O 7. Be2 b6 8. cxd5 exd5 9. Nb5 Be7 10. Nbd4 Nb8 11. Ne5 Bd6 12. Nec6 Nxc6 13. Nxc6 Qe8 14.
Rc1 Ne4 15. O-O Bd7 16. Qc2 Qe6 17. d3 Nc5 18. Nd4 Qg6 19. Rfe1 Rae8 20. a3 a5 21. b4 axb4 22. axb4 Ne6 23. Qd2 Ng5 24. Nf3 Bh3 25. g3 Bd7 26. Nxg5 Qxg5 27. Bf3 h5 28. Bc3 h4 29. e4 Qxd2 30. Bxd2 dxe4 31. dxe4 h3 32. Bc3 f6 33. Bd1 Be6 34. f3 c5 35. bxc5 Bxc5+ 36. Kf1 Ra8 37. Be2 Ra2 38. Ra1 Rc2 39.
Rec1 Rxc1+ 40. Rxc1 Ra8 41. Ra1 Rc8 42. Be1 Rd8 43.
Bf2 Bxf2 44. Kxf2 Rc8 45. Rb1 Rc2 46. Ke3 Bc4 47. Bxc4+ Rxc4 48. Rb2 Rc6 49. Kf4 Kf7 50. Kg4 g5 51. Kxh3 Ke6 52. Kg4 Ke5 53. h4 gxh4 54.
gxh4 Kd4 55. h5 Kc3 56. Rb1 Kc2 57. Rb5 Kc3 58. h6 Kc4 59. h7 Kxb5 60. h8=Q Kc4 61. Qg8+ Kc5 62. Qd5+ 1-0

[Event "Late-Titled-Tuesday-Blitz-December-26-2023"]
[Site "Chess.com"]
[Date "2023.12.26"]
[Round "10"]
[White "TheMagician"]
[Black "GoValya"]
[Result "1-0"]
[WhiteElo "2184"]
[BlackElo "2280"]
[TimeControl "180+1"]
[EndTime "15:54:31 PST"]
[Termination "TheMagician won by resignation"]

1. d4 d5 2. Bf4 c6 3. e3 Nf6 4.
c4 g6 5. Nc3 a6 6. c5 Bg7 7. h3 a5 8. Nf3 Nbd7 9. Be2 b6 10.
cxb6 Nxb6 11. O-O O-O 12. Na4 Nxa4 13. Qxa4 Bd7 14. Qa3 Rb8 15. Bxb8 Qxb8 16. b3 Re8 17. Qxa5 Ne4 18. Rac1 f5 19. Rc2 f4 20. exf4 Qxf4 21.
Rfc1 Bxd4 22. Rf1 Bg7 23. Qa7 Bf5 24. Rxc6 Nd2 25. Nxd2 Qxd2 26. Bf3 Bd4 27. Qb7 e6 28.
Qd7 Rf8 29. Rxe6 Bxe6 30. Qxe6+ Kg7 31. Qxd5 Bc3 32. Qxd2 Bxd2 33. Rd1 Bb4 34. Rc1 Ba3 35.
Rc2 Re8 36. g3 Re1+ 37. Kg2 Bd6 38. Bd5 Kf6 39. Bc4 Ra1 40. Re2 Bc5 41. Re6+ Kg7 42. Re2 Bd4 43. Rd2 Bc5 44. h4 Kf6 45. g4 Bb4 46.
g5+ Ke5 47. Re2+ Kd4 48. a4 Kc5 49. Re7 Kd4 50. Rxh7 Ra2 51. Rf7 Kc3 52. h5 gxh5 53. g6 Bc5 54. g7 Bxf2 55. Rxf2 Ra1 56. g8=Q h4 57. Qg7+ Kb4 58. Qxa1 h3+ 59. Kxh3 1-0

[Event "Late-Titled-Tuesday-Blitz-December-26-2023"]
[Site "Chess.com"]
[Date "2023.12.26"]
[Round "10"]
[White "thechesscorner64"]
[Black "Zampronha1971"]
[Result "1-0"]
[WhiteElo "2445"]
[BlackElo "2327"]
[TimeControl "180+1"]
[EndTime "15:54:34 PST"]
[Termination "thechesscorner64 won on time"]

1. e4 c5 2. Nf3 e6 3. c3 Nf6 4.
e5 Nd5 5. d4 cxd4 6. cxd4 b6 7.
Nc3 Nxc3 8. bxc3 Qc7 9. Bd2 Bb7 10. Bd3 d6 11. O-O Nd7 12. exd6 Bxd6 13. h3 O-O 14.
Rc1 Rac8 15. c4 Bf4 16. Be3 Nf6 17. Qd2 Bxe3 18. Qxe3 Rfd8 19. Rfd1 Bxf3 20. Qxf3 Rd6 21. c5 bxc5 22. Rxc5 Qd8 23. Rxc8 Qxc8 24. Qf4 Qd8 25. Bc2 Rd5 26. Bb3 e5 27. Qf5 Rxd4 28. Rc1 Qe7 29. Rc8+ Rd8 30. Rxd8+ Qxd8 31. Qxe5 h6 32. Qc5 Qd7 33.
Kh2 g6 34. g3 Kg7 35. Qc3 g5 36. Kg2 Kg6 37. Bc2+ Kg7 38. Bb3 Kg6 39. Qe5 Qb7+ 40. Kh2 Qe4 41. Qc7 Qe8 42. Qxa7 Ne4 43. Bc2 f5 44. Qb6+ Kg7 45. Qc7+ Kg6 46. Qd6+ Kg7 47. Qd4+ Kg6 48. Kg2 Qa8 49. Bxe4 fxe4 50. Qd6+ Kf5 51. Qd7+ Kf6 52. Qd6+ Kg7 53. Qd4+ Kg6 54. Qb6+ Kg7 55. Qb2+ Kg6 56. Kh2 Qd5 57. a3 Qd3 58. Qb7 Kf5 59.
Qc8+ Kg6 60. Qe6+ Kg7 61. Qe5+ Kg6 62. h4 Qxa3 63. Qe6+ Kg7 64. h5 1-0

[Event "Late-Titled-Tuesday-Blitz-December-26-2023"]
[Site "Chess.com"]
[Date "2023.12.26"]
[Round "10"]
[White "Defenstrator"]
[Black "dosto07"]
[Result "0-1"]
[WhiteElo "2459"]
[BlackElo "2536"]
[TimeControl "180+1"]
[EndTime "15:54:36 PST"]
[Termination "dosto07 won by resignation"]

1. d4 d5 2. c4 dxc4 3. Nd2 Nf6 4. Nxc4 g6 5. f3 Bg7 6. e4 O-O 7. Be3 Ne8 8. Qd2 Nc6 9. O-O-O a5 10. h4 e5 11. d5 Nd4 12. h5 b5 13. Nxa5 c5 14. hxg6 Qxa5 15. Qxa5 Rxa5 16. Bxd4 cxd4 17. gxh7+ Kh8 18.
Kb1 Nd6 19. Nh3 Bxh3 20. Rxh3 Rfa8 21. a3 b4 22. axb4 Ra1+ 23. Kc2 Rxd1 24. Kxd1 Ra1+ 25.
Ke2 d3+ 26. Kxd3 Rxf1 27. Rh5 f6 28. Kc3 Rc1+ 29. Kb3 Rg1 30. Rh2 Rc1 31. g4 Nb5 32.
Ka4 Nd6 33. b5 Bf8 34. b6 Ra1+ 35. Kb3 Nb7 36. Rc2 Ra8 37. Rc7 Rb8 38. Kc4 Bc5 39. Kb5 Bxb6 40. Kxb6 Nd8+ 41. Kc5 Nb7+ 42. Kc6 Na5+ 43.
Kd7 Rxb2 44. Ke6 Rb6+ 45. d6 Nb7 46. Rc8+ Kxh7 47. Rc7+ Kg6 48. Rd7 Nc5+ 49. Ke7 Nxd7 50. Kxd7 Rb3 51. Ke7 Rxf3 52. d7 Rd3 53. d8=Q Rxd8 54.
Kxd8 Kg5 55. Ke7 Kxg4 56. Kxf6 Kf4 57. Kg6 Kxe4 58. Kg5 Kd4 0-1

[Event "Late-Titled-Tuesday-Blitz-December-26-2023"]
[Site "Chess.com"]
[Date "2023.12.26"]
[Round "10"]
[White "MikeSailer"]
[Black "SmirnovTimofey2000"]
[Result "1-0"]
[WhiteElo "2194"]
[BlackElo "1987"]
[TimeControl "180+1"]
[EndTime "15:54:36 PST"]
[Termination "MikeSailer won by checkmate"]

1. d4 d5 2. Bf4 Bf5 3. e3 e6 4. Nf3 Nf6 5. Nc3 Be7 6. Ne5 Nbd7 7. g4 Bg6 8. h4 h6 9. Nxg6 fxg6 10. Bd3 Nf8 11. Nb5 Bd6 12. Nxd6+ cxd6 13. c3 Rc8 14. f3 Qc7 15. Qa4+ N6d7 16. Qxa7 e5 17. Bg3 e4 18. fxe4 Nb6 19. Qa3 dxe4 20. Bxe4 Nc4 21.
Qa4+ Nd7 22. Bxg6+ Kd8 23. O-O Nxe3 24. Rf7 Qc6 25. Qxc6 Rxc6 26. d5 Rb6 27. Re1 Nxg4 28. Ree7 Nge5 29. Rxg7 Nxg6 30. Rxd7+ Ke8 31. Bxd6 Nf8 32.
Rxb7 Rxd6 33. Rge7+ Kd8 34. Rf7 Rd7 35. Rb8+ Kc7 36.
Rbxf8 Rg8+ 37. Rxg8 Rxf7 38. Rg3 Rd7 39. Rd3 Kb6 40. d6 Kc6 41. b3 Kc5 42. c4 Rg7+ 43.
Kf2 Rd7 44. Ke2 Rd8 45. Kd2 Ra8 46. Kc3 Rd8 47. d7 Kc6 48. b4 Kc7 49. c5 Ra8 50. Kc4 Rd8 51. b5 Kb7 52. a4 Kc7 53. a5 Ra8 54.
d8=Q+ Rxd8 55. Rxd8 Kxd8 56. Kd5 Kc7 57. a6 Kb8 58.
Kc6 Ka7 59. b6+ Ka8 60. Kc7 h5 61. b7+ Ka7 62. b8=Q+ Kxa6 63. Qb6# 1-0

[Event "Late-Titled-Tuesday-Blitz-December-26-2023"]
[Site "Chess.com"]
[Date "2023.12.26"]
[Round "10"]
[White "German_Bazeev"]
[Black "rasmussvane"]
[Result "1-0"]
[WhiteElo "2862"]
[BlackElo "2913"]
[TimeControl "180+1"]
[EndTime "15:54:40 PST"]
[Termination "German_Bazeev won by checkmate"]

1. c4 e6 2. d4 d5 3. Nf3 a6 4. Qc2 Nf6 5. g3 dxc4 6. Qxc4 b5 7. Qc2 Bb7 8. Bg2 Nbd7 9. O-O c5 10. Bg5 Rc8 11. Qd1 Qb6 12. a4 Bxf3 13. Bxf3 cxd4 14. axb5 axb5 15. Nd2 Be7 16. Nb3 e5 17. e3 e4 18. Bxf6 Nxf6 19. Bg4 Rd8 20. Nxd4 Bc5 21. Be2 O-O 22. Qb3 Bxd4 23. exd4 Rxd4 24. Rfd1 b4 25.
Rxd4 Qxd4 26. Rd1 Qc5 27. Qc4 Qa5 28. Qd4 h5 29. h4 Re8 30. Qe3 Qe5 31. b3 Nd5 32. Qc5 Nc3 33. Qxe5 Rxe5 34. Rd8+ Kh7 35. Bc4 f6 36. Rb8 Ra5 37. Rxb4 Ra1+ 38. Kg2 Ra2 39. Kg1 Kg6 40. Rb7 Nd1 41. b4 Nxf2 42.
Bxa2 e3 43. Bf7+ Kf5 44. Kf1 Ne4 45. Ke2 Nd6 46. Rd7 Ke5 47. Rxd6 Kxd6 48. Bxh5 Kd5 49. Be8 Kc4 50. b5 Kc5 51. Kxe3 Kb6 52. Kf4 Kc7 53. h5 Kd6 54. Kf5 Ke7 55. Kg6 Kf8 56. b6 Ke7 57. b7 Kd8 58. Bb5 Ke7 59. Bc4 Kd6 60. Bd3 Kc5 61. Be2 Kd4 62. Bf1 Ke3 63. g4 Kf2 64. Kf5 Kg1 65. Kf4 Kf2 66. Kf5 Ke1 67.
b8=Q Kf2 68. Qc7 Kg1 69. Qxg7 Kh2 70. Qxf6 Kh1 71. Bb5 Kh2 72. Ke6 Kg1 73. Kd7 Kg2 74. Kc7 Kg3 75. Kb7 Kxg4 76. Ka7 Kxh5 77. Ka8 Kg4 78. Bc6 Kh5 79. Qg7 Kh4 80. Kb7 Kh3 81. Kc7 Kh2 82. Qg2# 1-0

[Event "Late-Titled-Tuesday-Blitz-December-26-2023"]
[Site "Chess.com"]
[Date "2023.12.26"]
[Round "10"]
[White "WPWPWP-2015"]
[Black "UmutErdemGunduz"]
[Result "0-1"]
[WhiteElo "2590"]
[BlackElo "2718"]
[TimeControl "180+1"]
[EndTime "15:54:40 PST"]
[Termination "UmutErdemGunduz won on time"]

1. e4 c5 2. Nf3 d6 3. d4 cxd4 4. Nxd4 Nf6 5. Nc3 Nc6 6. h3 g6 7.
Nb3 Bg7 8. Be3 O-O 9. Be2 Be6 10. O-O d5 11. exd5 Nxd5 12. Nxd5 Bxd5 13. c3 b6 14. Qd2 Ne5 15. Bd4 e6 16. Rfd1 Qc7 17. Qe3 Rfd8 18.
Qg3 Rac8 19. Ba6 Rb8 20. Re1 f6 21. Bd3 Qb7 22. Bxe5 fxe5 23. Re3 Rf8 24. Rae1 Bh6 25. Rxe5 Bf4 26. Qg4 Bxe5 27. Rxe5 Rf6 28. Nd4 Rbf8 29. f3 Rf4 30. Qg5 Qf7 31. h4 Qf6 32. g3 Rxf3 33.
Qxf6 R3xf6 34. c4 Bb7 35. Re3 Rd8 36. Nb3 Kf7 37. Be2 Rf5 38. a3 h5 39. Bd3 Rf3 40.
Rxf3+ Bxf3 41. Bf1 e5 42. Kf2 Bc6 43. Ke3 Kf6 44.
Be2 Ke6 45. Bd3 e4 46. Be2 Ke5 47. c5 b5 48. Nd2 a6 49. Nb1 Rd5 50. b4 Rd8 51. Nc3 Rg8 52. Nd1 g5 53. Nf2 gxh4 54. g4 hxg4 55. Nxg4+ Ke6 56. Kf4 Rf8+ 57. Ke3 h3 58.
Nh2 Rh8 59. Bg4+ Kf6 60. Kf4 Kg6 61. Bf5+ Kf6 62. Bg4 Kg7 63. Bf5 Rf8 64. Kg5 e3 65. Bg4 Rf2 0-1

[Event "Late-Titled-Tuesday-Blitz-December-26-2023"]
[Site "Chess.com"]
[Date "2023.12.26"]
[Round "10"]
[White "Slovak_fighter2000"]
[Black "Kapitan_Bayan"]
[Result "1-0"]
[WhiteElo "2483"]
[BlackElo "2332"]
[TimeControl "180+1"]
[EndTime "15:54:53 PST"]
[Termination "Slovak_fighter2000 won by resignation"]

1. b4 e5 2. Bb2 Bxb4 3. Bxe5 Nf6 4. Nf3 d5 5. e3 c5 6. c4 Nc6 7. Bb2 d4 8. exd4 cxd4 9. Bd3 O-O 10. O-O Bg4 11.
h3 Bh5 12. g4 Bg6 13. Bxg6 fxg6 14.
d3 Qd7 15. Nbd2 Nxg4 16. hxg4 Qxg4+ 17. Kh1 Qh3+ 18. Nh2 Bd6 19. f4 Bxf4 20. Rxf4 Rxf4 21. Ne4 Raf8 22. Qe2 Ne5 23. Rg1 Nxd3 24. Bxd4 h6 25. Bxa7 Re8 26. Nf6+ Rxf6 27. Qxe8+ Kh7 28. Qe3 Nf2+ 29.
Qxf2 Rxf2 30. Bxf2 Qe6 31. Rc1 Qe2 32. Kg1 Qxa2 33.
Nf1 Qb2 34. Rd1 Qc2 35. Rd4 g5 36. Ne3 Qc1+ 37. Kg2 h5 38. Nd5 h4 39. Rg4 Kg6 40.
Be3 Qc2+ 41. Bf2 Kh5 42. Ne3 Qb1 43. Kf3 Qa2 44. Kg2 b6 45. Kf3 Qa8+ 46. Ke2 Qb7 47. Kf1 Qf7 48. Kg2 Qf6 49. Kf1 g6 50. Kg2 Qc6+ 51. Kf1 Qf3 52. Ke1 Qxg4 53. Nxg4 Kxg4 54. Bxb6 Kf3 55. c5 g4 56. c6 g3 57. c7 h3 58.
c8=Q h2 59. Qb7+ Kg4 60. Qg2 Kh4 61. Bc7 g5 62. Bxg3+ Kh5 63. Bxh2 1-0